 Dungeon Crawl Stone Soup version 0.27-a0-1187-ge80a49f48c (webtiles) character file.

Game seed: 17209346582577369011

840 Ijustatesigmund the Cleaver (level 8, -1/109 HPs)
             Began as a Hill Orc Fighter on May 20, 2021.
             Succumbed to Ijyb's poison
             ... on level 5 of the Dungeon.
             The game lasted 00:07:46 (5211 turns).

Ijustatesigmund the Cleaver (Hill Orc Fighter)      Turns: 5211, Time: 00:07:47

Health: -1/109     AC:  9    Str: 19    XL:     8   Next: 0%
Magic:  2/2        EV:  7    Int:  8    God:
Gold:   203        SH: 10    Dex: 18    Spells: 7/7 levels left

rFire    . . .     SeeInvis +   a - +2 war axe (antimagic)
rCold    . . .     Faith    .   c - +0 kite shield
rNeg     . . .     Spirit   .   b - +0 scale mail
rPois    .         Reflect  .   (no helmet)
rElec    .         Harm     .   (no cloak)
rCorr    .         Rampage  .   (no gloves)
Will     .....                  q - +1 pair of boots
Stlth    ..........             (no amulet)
HPRegen  0.28/turn              n - +6 ring of dexterity
MPRegen  0.08/turn              s - ring of see invisible

@: berserking, lethally poisoned (-1 -> -8), hasted, very quick
A: no striking features
a: no special abilities


You were on level 5 of the Dungeon.
You visited 1 branch of the dungeon, and saw 5 of its levels.

You collected 203 gold pieces.

Inventory:

Hand Weapons
 a - a +2 antimagic war axe (weapon)
 k - a +0 war axe
Missiles
 e - 2 throwing nets (quivered)
Armour
 b - a +0 scale mail (worn)
 c - a +0 kite shield (worn)
 q - a +1 pair of boots (worn)
Jewellery
 j - a ring of wizardry
 n - a +6 ring of dexterity (left hand)
 s - a ring of see invisible (right hand)
Wands
 o - a wand of acid (11)
Scrolls
 l - a scroll of noise
 m - a scroll of blinking
 t - a scroll of fog
Potions
 f - a potion of resistance {unknown}
 g - a potion of attraction {unknown}
 h - 2 potions of mutation
 i - a potion of brilliance
 p - a potion of flight
 r - a potion of magic
 u - a potion of cancellation {unknown}
 v - a potion of haste
 x - a potion of curing {unknown}


   Skills:
 + Level 7.0 Fighting
 * Level 9.6 Axes
 - Level 3.2 Armour
 - Level 3.2 Shields


You had 7 spell levels left.
You didn't know any spells.
Your spell library contained the following spells:

 Spells                   Type           Power      Damage    Failure   Level
 Animate Skeleton         Necr           0%         N/A       99%         1
 Pain                     Necr           0%         1d4       99%         1
 Vampiric Draining        Necr           0%         2d6       100%        3
 Animate Dead             Necr           0%         N/A       100%        4
 Agony                    Necr           0%         N/A       100%        5


Dungeon Overview and Level Annotations

Branches:
Dungeon (5/15)
 Temple: D:4-7

Altars:
Trog

Shops:
D:2 *


Message History

Ijyb is no longer moving quickly.
Ijyb hits you but does no damage.
You are more poisoned.
You slash Ijyb!
You kill Ijyb!
* * * LOW HITPOINT WARNING * * *
You feel very sick. The hound bites you.
* * * LOW HITPOINT WARNING * * *
Your Fighting skill increases to level 7!
You have reached level 8!
* * * LOW HITPOINT WARNING * * *
You feel very sick.
Things that are here:
a +0 dagger; a +0 robe
* * * LOW HITPOINT WARNING * * *
You feel very sick.
* * * LOW HITPOINT WARNING * * *
You feel sick.
It was a potion of berserk rage.
A red film seems to cover your vision as you go berserk!
You feel yourself moving faster!
You feel mighty!
* * * LOW HITPOINT WARNING * * *
You feel very sick. The hound barely misses you.
You slash the hound!
The hound is almost dead.
* * * LOW HITPOINT WARNING * * *
You feel very sick. The hound bites you but does no damage.
You barely miss the hound.
The hound is almost dead.
* * * LOW HITPOINT WARNING * * *
You feel sick. The hound bites you but does no damage.
You closely miss the hound.
The hound is almost dead.
* * * LOW HITPOINT WARNING * * *
You feel sick. You block the hound's attack. The hound barely misses you.
You slice the hound!!
You kill the hound!
You die...

.. #########..
.......... #
#.....#.# ..#.....#.#
#.#.....#.#
#.#.....#.#
#.###.#.....#)###..##
......[..@†).)......
####....####'####..#
#....+ ...# #....#
#...#
#.####....###...#
#....'......+...#
#.####......#...#
#...###....#
##..#.#....


There were no monsters in sight!

Vanquished Creatures
  Grinder (D:3)
  Sigmund (D:3)
  A scorpion (D:3)
  2 hounds
  2 orc priests
  Ijyb (D:5)
  2 orc wizards
  A hound skeleton (D:4)
  Robin (D:3)
  7 gnolls
  6 adders
  A worm (D:3)
  11 orcs
  9 endoplasms
  4 giant cockroaches
  9 goblins
  10 hobgoblins
  9 jackals (D:1)
  4 quokkas
  3 ball pythons
  3 bats
  2 frilled lizards
  A jackal skeleton (D:4)
  9 kobolds
  6 rats
106 creatures vanquished.

Notes
Turn   | Place    | Note
-------+----------+-------------------------------------------
     0 | D:1      | Ijustatesigmund the Hill Orc Fighter began the quest for
                  | the Orb.
     0 | D:1      | Reached XP level 1. HP: 19/19 MP: 1/1
    28 | D:1      | Reached skill level 3 in Axes
   275 | D:1      | Reached XP level 2. HP: 27/27 MP: 2/2
   708 | D:1      | Reached skill level 4 in Axes
   710 | D:1      | Reached XP level 3. HP: 32/33 MP: 3/3
  1438 | D:2      | Found Efimuh's General Store.
  1577 | D:2      | Reached XP level 4. HP: 28/41 MP: 4/4
  1719 | D:3      | Reached skill level 5 in Axes
  1845 | D:3      | Noticed Robin
  1867 | D:3      | Killed Robin
  2092 | D:3      | Noticed Grinder
  2092 | D:3      | Paralysed by Grinder for 2 turns
  2108 | D:3      | Paralysed by Grinder for 7 turns
  2139 | D:3      | Reached XP level 5. HP: 28/47 MP: 5/5
  2274 | D:2      | Reached skill level 5 in Fighting
  2337 | D:2      | Reached skill level 6 in Axes
  3217 | D:3      | Found a bloodstained altar of Trog.
  3427 | D:3      | Killed Grinder
  3428 | D:3      | Reached skill level 7 in Axes
  3428 | D:3      | Reached XP level 6. HP: 50/57 MP: 2/6
  3967 | D:3      | Noticed Sigmund
  3979 | D:3      | Killed Sigmund
  3980 | D:3      | Reached skill level 8 in Axes
  3980 | D:3      | Reached XP level 7. HP: 45/64 MP: 2/7
  4441 | D:4      | Reached skill level 9 in Axes
  5140 | D:5      | Entered Level 5 of the Dungeon
  5178 | D:5      | Noticed Ijyb
  5203 | D:5      | Killed Ijyb
  5204 | D:5      | Reached XP level 8. HP: 16/73 MP: 2/8
  5208 | D:5      | HP: 4/109 [poisoned by Ijyb]
  5210 | D:5      | HP: 1/109 [poisoned by Ijyb]
  5211 | D:5      | Succumbed to Ijyb's poison

Illustrated notes

Levels and vault maps discovered:
D:1:      dpeg_arrival_more_subterranean_lakeside_camping, layout_basic,
          serial_curves, eino_curves_01, eino_curves_03, eino_curves_03,
          eino_curves_02, nrook_mini_backslash
D:2:      layout_loops_ring, serial_rivers, chequers_serial_rivers_micro_e,
          chequers_serial_rivers_marsh, chequers_serial_rivers_marsh,
          chequers_serial_rivers_micro_d, chequers_serial_rivers_marsh,
          serial_shops, nicolae_shop_stone, kennysheep_doodads
D:3:      layout_loops_ring, trog_antimagical, uniq_sigmund, uniq_robin,
          uniq_grinder
D:4:      layout_cave_pools
D:5:      layout_basic, nicolae_hepliaklqana_monster_ancestors,
          grunt_decor_one_mirror, uniq_blork_the_orc, uniq_ijyb, uniq_pikel

Skill      XL: |  1  2  3  4  5  6  7 |
---------------+----------------------+-----
Axes           | 3 4 5 7 8 9 |  9.6
Fighting       | 4 5 6 7 |  7.0
Armour         | |  3.2
Shields        | |  3.2

Action                   |  1- 3 |  4- 6 |  7- 9 || total
-------------------------+-------+-------+-------++-------
Melee: War axe           |    95 |   144 |    89 ||   328
Throw: Throwing net      |       |     2 |       ||     2
  Use: Potion            |     1 |     4 |     3 ||     8
       Scroll            |       |     3 |     8 ||    11
Armor: Scale mail        |    43 |    45 |    43 ||   131
Dodge: Dodged            |    36 |    59 |    23 ||   118
Block: Kite shield       |    65 |    69 |    32 ||   166

Table legend: (Time is in decaauts)
 A = Elapsed time spent in this place.
 B = Non-inter-level travel time spent in this place.
 C = Inter-level travel time spent in this place.
 D = Time resting spent in this place.
 E = Time spent auto-exploring this place.
 F = Levels seen in this place.
 G = Mean time per level.
                   A        B        C        D        E       F      G
               +--------+--------+--------+--------+--------+-----+--------+
         Total |   5353 |   5216 |    137 |   1029 |   3364 |   5 | 1070.6 |
       Dungeon |   5353 |   5216 |    137 |   1029 |   3364 |   5 | 1070.6 |
               +--------+--------+--------+--------+--------+-----+--------+

Top non-repeatable levels by time:
     D:3: 1958 daAuts
     D:1: 1356 daAuts
     D:2: 1244 daAuts
     D:4: 717 daAuts
     D:5: 76 daAuts
